 Dungeon Crawl Stone Soup version 0.16-a0-3946-g4f19e5c (console) character file.

160 MarvinPA the Cudgeler (level 5, 0/38 HPs)
             Began as a Mummy Skald on Feb 9, 2015.
             Slain by a phantom (8 damage)
             ... on level 4 of the Dungeon on Feb 10, 2015.
             The game lasted 00:10:25 (3327 turns).

MarvinPA the Cudgeler (Mummy Skald)                 Turns: 3327, Time: 00:10:25

Health: 0/38       AC:  4    Str: 15    XL:     5   Next: 17%
Magic:  5/9        EV: 11    Int: 12    God:
Gold:   193        SH:  0    Dex: 11    Spells: 3 memorised, 2 levels left

rFire  x . .     SeeInvis .     a - +0 flail
rCold  + + .     Clarity  +     p - +0 robe
rNeg   + + +     SustAb   .     (no shield)
rPois  ∞         Gourm    .     b - +1 helmet
rElec  .         Spirit   .     (no cloak)
rCorr  .         Warding  .     (no gloves)
rMut   .         Stasis   .     (no boots)
MR     .....                    l - amulet of clarity
Stlth  +.........               (no ring)
                                m - ring of protection from cold

@: very slightly contaminated, not resistant to hostile enchantments, very
unstealthy
A: no food or potions, fire vulnerability, restore body, cold resistance 1,
negative energy resistance 3, poison resistance, torment resistance, unbreathing
a: no special abilities


You were on level 4 of the Dungeon.
You were not hungry.

You visited 1 branch of the dungeon, and saw 4 of its levels.

You collected 193 gold pieces.


Innate Abilities, Weirdness & Mutations

You do not eat or drink.
Your flesh is vulnerable to fire.
Your flesh is cold resistant.
You are immune to negative energy.
Your system is resistant to poisons.
You are immune to unholy pain and torment.
You can survive without breathing.


   Skills:
 - Level 2.0 Fighting
 + Level 4.5 Maces & Flails
 - Level 0.7 Armour
 - Level 0.7 Dodging
 - Level 2.0 Spellcasting
 - Level 2.4 Charms


You had 2 spell levels left.
You knew the following spells:

 Your Spells              Type           Power        Failure   Level  Hunger
a - Shroud of Golubria    Chrm/Tloc      #.........   28%         2    N/A
c - Spectral Weapon       Hex/Chrm       #.......     56%         3    N/A
z - Infusion              Chrm           #.....       12%         1    N/A

Inventory:

Hand weapons
 a - a +0 flail (weapon)
Missiles
 d - 46 stones (quivered)
 j - 13 poisoned needles
Armour
 b - a +1 helmet (worn)
 p - a +0 robe (worn)
Jewellery
 h - a cursed amulet of guardian spirit
 l - an amulet of clarity (around neck)
 m - a ring of protection from cold (left hand)
Magical devices
 q - a wand of confusion (26)
Scrolls
 e - 3 scrolls of magic mapping {unknown}
 f - a scroll of recharging {unknown}
 g - a scroll of fog {unknown}
 i - a scroll of teleportation {unknown}
 k - a scroll of enchant armour {unknown}
 n - 4 scrolls of remove curse {unknown}
 o - a scroll of identify {unknown}
Books
 c - a book of Battle

Dungeon Overview and Level Annotations

Branches:
Dungeon (4/15)
 Temple: D:4-7

Altars:
Cheibriados
Nemelex Xobeh

Annotations:
D:2 Sigmund

# #..##....÷..........
.####.#......#).........
.....................†..
#...#...............(..
##.##...................
#.......................
.>..#....................
###..#...W................
#.%......M............###.
#..#..................# #.
#. #......÷<..........# #.
#................... ##
#.........##.....##.
#........######### .
#........# .........#
#........#


You could see a phantom.


Message History

You throw a stone. The stone hits the phantom.
The phantom is severely damaged.
The phantom blinks!
Cast which spell?
You miscast Spectral Weapon.
You feel a strange surge of energy!
The phantom blinks!
Throwing (i - inventory):
d - 47 stones (quivered)
Aim: a phantom (severely damaged)
You throw a stone. The stone hits the phantom.
The phantom is severely damaged.
You closely miss the phantom.
The phantom is severely damaged.
The phantom hits you!
* * * LOW HITPOINT WARNING * * *
The phantom blinks!
The phantom blinks!
The phantom blinks!
The phantom blinks!
The phantom blinks!
You see here an iguana corpse.
The phantom blinks!
The phantom closely misses you.
The phantom blinks!
There is a stone staircase leading up here.
You see here a kobold skeleton.
Found a bread ration.
Found a stone staircase leading down.
The phantom blinks!
The phantom blinks!
The phantom hits you!
You die...

Action                   |  1- 3 |  4- 6 || total
-------------------------+-------+-------++-------
Melee: Mace              |   138 |    16 ||   154
       Flail             |       |    43 ||    43
Throw: Stone             |    49 |    13 ||    62
 Cast: Infusion          |     8 |     2 ||    10
       Shroud of Golubri |     4 |     1 ||     5
       Spectral Weapon   |     1 |     3 ||     4
 Stab: Sleeping          |     1 |       ||     1

Vault maps used:
D:1:      scummos_arrival_star
D:2:      lemuel_coloured_pillars_altar, cheibriados_altar_1, uniq_sigmund
D:3:      nemelex_spade_bored_becter
D:4:      first_bread, roderic_bipointed_swastika

Notes
Turn   | Place    | Note
--------------------------------------------------------------
     0 | D:1      | MarvinPA, the Mummy Skald, began the quest for the Orb.
     0 | D:1      | Reached XP level 1. HP: 16/16 MP: 3/3
   206 | D:1      | Reached skill level 2 in Maces & Flails
   414 | D:1      | Reached XP level 2. HP: 20/22 MP: 1/4
   440 | D:1      | Learned a level 2 spell: Shroud of Golubria
  1381 | D:1      | Reached XP level 3. HP: 24/27 MP: 6/6
  1481 | D:1      | Learned a level 3 spell: Spectral Weapon
  1534 | D:2      | Found a snail-covered altar of Cheibriados.
  1594 | D:2      | Reached skill level 3 in Maces & Flails
  2083 | D:2      | Noticed Sigmund
  2548 | D:2      | Reached XP level 4. HP: 29/33 MP: 2/7
  2831 | D:3      | Found a sparkling altar of Nemelex Xobeh.
  3083 | D:4      | Reached skill level 4 in Maces & Flails
  3147 | D:4      | Reached XP level 5. HP: 25/38 MP: 1/9
  3266 | D:4      | Noticed a phantom
  3327 | D:4      | Slain by a phantom

Vanquished Creatures
  An iguana (D:4)
  A worker ant (D:4)
  3 gnolls
  A giant mite (D:2)
  2 giant geckos
  2 oozes (D:1)
  2 orcs (D:3)
  8 bats
  A bat skeleton (D:4)
  9 goblins
  6 hobgoblins
  3 jackals
  11 kobolds
  A quokka (D:2)
  A ball python (D:1)
  4 giant cockroaches
  2 giant newts
  6 rats
64 creatures vanquished.
